AoeStats
← Gericault667

Nomad

510328232Analyzed
4v4 RM · 1d ago on Sep 30, 2026· 31m 13s· 8 players
Game mode
Random Map
Map size
231×231
Population
200
Speed
Normal
Resources
Standard
Victory
Conquest
Starting age
Dark Age
Ending age
Imperial Age
RankedLock teamsTeams togetherTeam positionsShared explorationLock speedFull tech treeHidden civsTurbo modeCheats
Victory
Defeat
🇨🇳 Persians · China
1432
+16
🇦🇷 Saracens · Argentina
1399
+18
🇫🇷 Japanese · France
1350
+20
🇦🇷 Malay · Argentina
1329
+20
🇨🇱 Lithuanians · Chile
1501
-21
🇨🇳 Burmese · China
1473
-20
🇨🇦 Danes · Canada
1458
-20
🇲🇾 Danes · Malaysia
1297
-13
Gericault667
4:30 Loom
13:31 Feudal Age
15:35 Wheelbarrow
15:20 Stone Mining
18:25 Castle Age
17:01 Gold Mining
17:06 Double-Bit Axe
17:32 Town Watch
20:15 Scale Mail Armor
20:26 Forging
21:30 Squires
21:16 Arson
22:10 Town Patrol
28:14 Chain Mail Armor
31:20 Hand Cart
31:27 Bow Saw
30:59 Horse Collar
31:56 Gold Shaft Mining
31:15 Stone Mining
carton corrugado
4:45 Loom
14:12 Feudal Age
17:47 Castle Age
15:48 Fletching
17:27 Double-Bit Axe
17:25 Horse Collar
18:40 Bow Saw
18:55 Scale Barding Armor
20:29 Husbandry
24:37 Forging
27:39 Bodkin Arrow
27:51 Crossbowman
hoot
5:18 Loom
Ginger Ale
5:32 Loom
14:17 Feudal Age
15:19 Fishing Lines
15:52 Town Watch
18:38 Castle Age
16:45 Double-Bit Axe
18:32 Gold Mining
18:40 Fletching
20:21 Bloodlines
20:11 Husbandry
20:17 Gillnets
21:16 Husbandry
22:10 Medium Warships
22:17 Bow Saw
24:31 Bodkin Arrow
25:32 Padded Archer Armor
26:46 Ballistics
26:40 Careening
30:29 Gold Shaft Mining
GOAT Gobz
4:47 Loom
13:26 Feudal Age
17:34 Castle Age
16:46 Scale Mail Armor
16:56 Forging
17:33 Double-Bit Axe
18:41 Arson
24:45 Chain Mail Armor
長安
7:41 Loom
972770991
5:31 Loom
13:27 Feudal Age
17:47 Castle Age
18:57 Town Watch
23:36 Horse Collar
24:32 Heavy Plow
26:03 Wheelbarrow
26:54 Gold Mining
28:49 Hand Cart
28:52 Stone Mining
29:47 Scale Barding Armor
29:52 Forging
Hennessy
3:47 Loom
Connection lost

Rejoining the realm…

Still unreachable

The connection could not be restored.

Session expired

The server has moved on; the page needs a fresh start.